 Dungeon Crawl Stone Soup version 0.28-a0-628-g3c9886e45e (webtiles) character file.

Game seed: 15293366114346541567

548 mordus the Chopper (level 7, 0/57 HPs)
             Began as a Hill Orc Fighter on Oct 8, 2021.
             Slain by Prince Ribbit (12 damage)
             ... on level 5 of the Dungeon.
             The game lasted 00:03:41 (4728 turns).

mordus the Chopper (Hill Orc Fighter)               Turns: 4728, Time: 00:03:41

Health: 0/57       AC:  8    Str: 21    XL:     7   Next: 28%
Magic:  7/7        EV:  9    Int:  8    God:
Gold:   211        SH:  5    Dex: 10    Spells: 6/6 levels left

rFire   . . .      SeeInvis .   a - +0 war axe
rCold   . . .      Faith    .   c - +0 buckler
rNeg    . . .      Spirit   .   b - +0 scale mail
rPois   .          Reflect  .   (no helmet)
rElec   .          Harm     .   (no cloak)
rCorr   .          Rampage  .   (no gloves)
Will    .....                   n - +0 pair of boots
Stlth   ..........              (no amulet)
HPRegen 0.19/turn               (no ring)
MPRegen 0.10/turn               (no ring)

@: very slow
A: no striking features
a: no special abilities


You were on level 5 of the Dungeon.
You visited 1 branch of the dungeon, and saw 5 of its levels.

You collected 211 gold pieces.

Inventory:

Hand Weapons
 a - a +0 war axe (weapon)
Armour
 b - a +0 scale mail (worn)
 c - a +0 buckler (worn)
 n - a +0 pair of boots (worn)
Jewellery
 t - a +4 ring of evasion
Wands
 s - a wand of mindburst (17)
 u - a wand of flame (8)
Scrolls
 e - a scroll of enchant armour {unknown}
 f - a scroll of enchant weapon {unknown}
 g - 3 scrolls of teleportation {unknown}
 j - a scroll of blinking {unknown}
 k - 3 scrolls of identify {unknown}
 o - a scroll of noise {unknown}
 p - 2 scrolls of amnesia {unknown}
 q - a scroll of magic mapping {unknown}
 r - 2 scrolls of acquirement {unknown}
 x - a scroll of immolation {unknown}
Potions
 d - a potion of might
 h - 3 potions of curing {unknown}
 i - a potion of ambrosia {unknown}
 l - a potion of heal wounds {unknown}
 m - a potion of brilliance {unknown}
 v - a potion of flight {unknown}
 w - a potion of mutation {unknown}


   Skills:
 - Level 3.6 Fighting
 * Level 7.4 Axes
 + Level 5.2 Armour
 + Level 5.2 Shields


You had 6 spell levels left.
You didn't know any spells.
Your spell library contained the following spells:

 Spells                   Type           Power      Damage    Failure   Level
 Static Discharge         Conj/Air       0%         N/A       86%         2
 Lightning Bolt           Conj/Air       0%         1d11      100%        5
 Maxwell's Capacitive Co  Air            0%         ∞         100%        8


Dungeon Overview and Level Annotations

Branches:
Dungeon (5/15)
 Temple: D:4-7

Altars:
Kikubaaqudgha

Annotations:
D:5 Prince Ribbit


Message History

Prince Ribbit comes into view.
Prince Ribbit croaks.
You hear a shout! x2
You see here 21 gold pieces.
You barely miss Prince Ribbit. Prince Ribbit hits you.
You hit Prince Ribbit.
Prince Ribbit is lightly wounded.
Prince Ribbit closely misses you.
An orc comes into view.
It is wielding a +1 war axe of holy wrath.
Prince Ribbit barely misses you.
You closely miss Prince Ribbit.
Prince Ribbit is lightly wounded.
Prince Ribbit closely misses you.
You closely miss Prince Ribbit.
Prince Ribbit is lightly wounded.
You block Prince Ribbit's attack. Prince Ribbit hits you.
An orc comes into view. It is wielding a +0 club.
You closely miss Prince Ribbit.
Prince Ribbit is lightly wounded.
Prince Ribbit hits you!
Prince Ribbit blinks!
You closely miss Prince Ribbit.
Prince Ribbit is lightly wounded.
You hit the orc but do no damage. The orc barely misses you.
You block Prince Ribbit's attack.
The orc hits you with a +1 war axe of holy wrath.
You completely miss Prince Ribbit.
Prince Ribbit is lightly wounded.
You hit the orc. Prince Ribbit hits you. x2
The orc hits you with a +1 war axe of holy wrath.
Prince Ribbit blinks!
There is a large open door here.
You enter the shallow water.
Moving in this stuff is going to be slow.
Prince Ribbit hits you!
* * * LOW HITPOINT WARNING * * *
You block Prince Ribbit's attack. Prince Ribbit barely misses you. x2
Prince Ribbit closely misses you. Prince Ribbit barely misses you.
Why would you want to do that? Prince Ribbit hits you!
You die...

#.# #...#......
#######.###.#########
.................[...
#######.###.######...
#.###.# #.##
#####..##.# #.#
#......##.######.#
###'###............#
#≈≈≈@≈###.#.########
#≈≈≈F≈# #...# #≈≈≈o≈#
##..# #≈≈o≈≈# #..#
###'###.##..#
#.'$....##.#
###.....##.#
#...#.##.# #.#.#
##.##


You could see Prince Ribbit and 2 orcs.

Vanquished Creatures
  A centaur zombie (D:5)
  A phantom (D:4)
  Ijyb (D:4)
  Terence (D:2)
  3 adders
  A worm (D:3)
  3 dart slugs
  An orc (D:4)
  4 endoplasms
  2 giant cockroaches
  7 goblins
  4 hobgoblins
  6 kobolds
  A quokka (D:1)
  3 ball pythons
  2 bats (D:2)
  3 frilled lizards
  2 rats
46 creatures vanquished.

Vanquished Creatures (others)
  A plant (D:3)
1 creature vanquished.

Grand Total: 47 creatures vanquished

Notes
Turn   | Place    | Note
-------+----------+-------------------------------------------
     0 | D:1      | mordus the Hill Orc Fighter began the quest for the Orb.
     0 | D:1      | Reached XP level 1. HP: 19/19 MP: 1/1
    13 | D:1      | You fall into a shaft and drop 1 floor!
    73 | D:2      | Reached skill level 3 in Axes
   164 | D:2      | Noticed Terence
   178 | D:2      | Killed Terence
   179 | D:2      | Reached XP level 2. HP: 12/26 MP: 2/2
   179 | D:2      | Reached XP level 3. HP: 15/31 MP: 3/3
   695 | D:1      | Reached skill level 4 in Axes
  1314 | D:1      | Reached XP level 4. HP: 39/39 MP: 4/4
  2131 | D:3      | Found an ancient bone altar of Kikubaaqudgha.
  2883 | D:4      | Noticed a phantom
  2900 | D:4      | Killed a phantom
  2901 | D:4      | Reached skill level 5 in Axes
  2901 | D:4      | Reached XP level 5. HP: 23/45 MP: 5/5
  3393 | D:4      | Noticed Ijyb
  3406 | D:4      | Killed Ijyb
  3625 | D:5      | Entered Level 5 of the Dungeon
  3625 | D:5      | Noticed an ogre
  4437 | D:5      | Noticed a centaur warrior zombie
  4461 | D:5      | Killed a centaur warrior zombie
  4462 | D:5      | Reached skill level 7 in Axes
  4462 | D:5      | Reached skill level 5 in Armour
  4462 | D:5      | Reached skill level 5 in Shields
  4462 | D:5      | Reached XP level 6. HP: 34/51 MP: 6/6
  4462 | D:5      | Reached XP level 7. HP: 38/57 MP: 7/7
  4716 | D:5      | Noticed Prince Ribbit
  4728 | D:5      | Slain by Prince Ribbit

Illustrated notes

Levels and vault maps discovered:
D:1:      arrival_zaba_pyramid, layout_basic
D:2:      layout_loops_cross, grunt_ministairs_9, uniq_terence
D:3:      layout_loops_corners, mainiacjoe_overflow_boulevard
D:4:      layout_loops_ring, uniq_ijyb
D:5:      layout_basic, mainiacjoe_overflow_paths, minmay_temple_entry_junction,
          chequers_serial_rivers_room_b, uniq_prince_ribbit1

Skill      XL: |  1  2  3  4  5 |
---------------+----------------+-----
Axes           | 3 4 5 7 |  7.4
Shields        | 4 5 |  5.2
Armour         | 4 5 |  5.2
Fighting       | |  3.6

Action                   |  1- 3 |  4- 6 |  7- 9 || total
-------------------------+-------+-------+-------++-------
Melee: War axe           |    81 |    97 |     7 ||   185
Armor: Scale mail        |    34 |    65 |       ||    99
Dodge: Dodged            |    34 |    47 |     8 ||    89
Block: Buckler           |    25 |    18 |     3 ||    46

Table legend: (Time is in decaauts)
 A = Elapsed time spent in this place.
 B = Non-inter-level travel time spent in this place.
 C = Inter-level travel time spent in this place.
 D = Time resting spent in this place.
 E = Time spent auto-exploring this place.
 F = Levels seen in this place.
 G = Mean time per level.
                   A        B        C        D        E       F      G
               +--------+--------+--------+--------+--------+-----+--------+
         Total |   4785 |   4633 |    152 |    897 |   3116 |   5 |  957.0 |
       Dungeon |   4785 |   4633 |    152 |    897 |   3116 |   5 |  957.0 |
               +--------+--------+--------+--------+--------+-----+--------+

Top non-repeatable levels by time:
     D:4: 1301 daAuts
     D:1: 1043 daAuts
     D:3: 963 daAuts
     D:2: 814 daAuts
     D:5: 661 daAuts
